Map: 얼어붙은 사원

Players

llllllllllll (Scarlett) - Winner!

  • Race: Zerg Zerg
  • League: Grandmaster

llllllllllll

  • Race: Protoss Protoss
  • League: Master

VOD

Have the link to the VOD?

Description

Time

  • Played on: April 13, 2016, 8:21 a.m.
  • Length: 10:00
Show
View Real Time Build Order
Export as new Build Order

llllllllllll Zerg - Winner!

Build Orders: Hatch First 

Get SALT Encoding   

  12  0:01  Drone  
  13  0:09  Drone  
  14  0:19  Overlord  
  14  0:24  Extractor, Drone  
  15  0:37  Drone x2  
  17  0:54  Hatchery  
  17  0:56  Drone  
  17  0:59  Drone  
  18  1:12  Extractor  
  18  1:13  Spawning Pool  
  16  1:19  Drone  
  16  1:22  Drone  
  18  1:28  Drone  
  19  1:45  Overlord  
  19  1:54  Drone  
  19  2:01  Queen  
  20  2:08  Queen, Zergling x2  
  25  2:16  Drone x2  
  25  2:19  Metabolic Boost  
  27  2:32  Drone x3  
  27  2:33  Drone  
  27  2:36  Queen  
  31  2:44  Drone x2  
  35  2:54  Zergling x2  
  35  2:55  Overlord  
  36  3:11  Overlord  
  36  3:14  Zergling x6  
  38  3:27  Spore Crawler  
  38  3:28  Drone x3  
  38  3:29  Drone x3  
  42  3:37  Hatchery  
  42  3:39  Drone  
  43  3:44  Evolution Chamber  
  42  3:50  Drone x2  
  42  3:53  Queen  
  46  3:57  Drone x2  
  48  4:04  Overlord  
  48  4:05  Drone  
  49  4:11  Drone x3  
  49  4:12  Extractor, Zerg Missile Weapons Level 1  
  49  4:13  Overlord  
  51  4:19  Overlord  
  51  4:27  Overlord, Drone x3  
  51  4:30  Roach Warren  
  53  4:39  Drone x3  
  53  4:40  Drone x4  
  60  4:49  Lair  
  60  4:54  Drone  
  60  4:55  Drone x3  
  64  5:00  Extractor  
  64  5:04  Extractor  
  64  5:05  Spore Crawler  
  61  5:07  Overlord  
  61  5:08  Drone  
  61  5:09  Drone x3  
  65  5:16  Spore Crawler  
  65  5:21  Drone x2  
  66  5:22  Drone x3  
  66  5:23  Roach  
  66  5:24  Roach x2  
  75  5:32  Roach  
  75  5:33  Roach x4  
  85  5:37  Roach  
  85  5:41  Roach x3  
  93  5:43  Roach x2  
  93  5:46  Overlord  
  87  6:08  Overlord x2  
  83  6:12  Spore Crawler  
  83  6:16  Zerg Missile Weapons Level 2  
  79  6:18  Glial Reconstitution  
  79  6:25  Drone x4  
  78  6:26  Drone  
  78  6:29  Drone x3  
  78  6:30  Drone x5  
  90  6:34  Roach, Queen  
  90  6:37  Burrow  
  90  6:39  Hatchery  
  89  6:43  Roach x4  
  97  6:49  Overlord x3  
  97  6:50  Overlord  
  97  6:52  Ravager  
  97  6:53  Overlord  
  93  6:59  Roach x2  
  97  7:03  Overlord x2  
  97  7:04  Overlord  
  97  7:08  Roach  
  97  7:13  Roach x4  
  97  7:14  Roach  
  99  7:30  Roach  
  99  7:31  Roach x9  
  114  7:37  Tunneling Claws  
  114  7:40  Roach  
  110  7:45  Roach  
  110  7:46  Roach x9  
  110  7:50  Roach x4  
  114  7:52  Roach x3  
  114  7:56  Roach x10  
  114  7:58  Roach  
  120  8:00  Roach x3  
  126  8:07  Roach x3  
  128  8:23  Roach x7  
  128  8:25  Roach  
  128  8:26  Roach  
  146  8:32  Roach x2  
  148  8:44  Roach x5  
  148  8:48  Roach x14  
  152  8:54  Overlord  
  152  8:55  Overlord x2  
  146  9:00  Roach  
  146  9:01  Roach x5  
  150  9:11  Roach x5  
  148  9:22  Roach x4  
  140  9:31  Drone  
  140  9:32  Drone x6  
  140  9:35  Extractor  
  140  9:36  Extractor  
  145  9:39  Overlord  
  145  9:40  Infestation Pit  
Show
View Real Time Build Order
Export as new Build Order

llllllllllll Protoss 

Build Orders: 1 Gate Expand 

Get SALT Encoding   

  12  0:00  Probe (Chrono Boost)  
  13  0:11  Probe (Chrono Boost)  
  14  0:22  Pylon, Probe (Chrono Boost)  
  15  0:40  Probe (Chrono Boost)  
  16  0:43  Assimilator  
  16  0:44  Gateway  
  16  0:51  Probe (Chrono Boost)  
  17  1:01  Probe (Chrono Boost)  
  18  1:12  Probe (Chrono Boost)  
  19  1:22  Probe (Chrono Boost)  
  20  1:31  Nexus  
  20  1:33  Probe (Chrono Boost)  
  21  1:43  Probe (Chrono Boost)  
  21  1:46  Assimilator  
  22  1:47  Cybernetics Core  
  23  1:54  Probe (Chrono Boost)  
  23  1:57  Pylon  
  23  2:06  Pylon  
  24  2:15  Probe (Chrono Boost)  
  24  2:23  Adept (Chrono Boost)  
  24  2:24  Warp Gate  
  24  2:27  Probe  
  24  2:29  Pylon  
  27  2:39  Probe  
  28  2:46  Pylon  
  28  2:48  Adept (Chrono Boost)  
  28  2:49  Probe  
  31  2:51  Probe  
  32  2:59  Gateway  
  32  3:04  Probe (Chrono Boost)  
  33  3:07  Probe (Chrono Boost)  
  33  3:09  Gateway  
  33  3:12  Sentry  
  36  3:25  Probe x2 (Chrono Boost)  
  36  3:35  Probe x2 (Chrono Boost)  
  36  3:39  Stargate x2  
  38  3:46  Probe x2 (Chrono Boost)  
  38  3:47  Assimilator  
  40  3:50  Assimilator  
  40  3:54  Pylon  
  40  3:58  Pylon  
  40  3:59  Probe (Chrono Boost), Mothership Core (Chrono Boost)  
  43  4:09  Probe (Chrono Boost)  
  44  4:17  Probe (Chrono Boost)  
  44  4:20  Probe (Chrono Boost)  
  48  4:24  Phoenix x2 (Chrono Boost)  
  48  4:28  Pylon, Probe  
  51  4:43  Pylon  
  51  4:44  Probe x2  
  53  4:46  Phoenix x2 (Chrono Boost)  
  53  4:51  Adept x2  
  61  4:53  Adept  
  61  4:58  Probe x2  
  65  5:08  Phoenix x2 (Chrono Boost)  
  69  5:16  Adept x2  
  69  5:19  Adept  
  75  5:29  Phoenix (Chrono Boost)  
  75  5:30  Phoenix (Chrono Boost)  
  79  5:44  Pylon  
  79  5:46  Pylon  
  70  6:14  Probe x2  
  70  6:18  Phoenix x2 (Chrono Boost)  
  70  6:26  Probe x2  
  72  6:36  Nexus  
  72  6:37  Pylon  
  72  6:38  Pylon, Probe x2  
  72  6:39  Adept x3  
  80  6:40  Pylon  
  80  6:55  Probe (Chrono Boost)  
  80  6:56  Probe (Chrono Boost)  
  82  7:05  Twilight Council  
  82  7:06  Probe x2 (Chrono Boost)  
  82  7:07  Robotics Facility  
  84  7:09  Robotics Facility  
  84  7:14  Pylon  
  84  7:17  Pylon  
  84  7:18  Sentry x3  
  90  7:23  Pylon  
  90  7:25  Pylon  
  90  7:26  Pylon  
  86  7:46  Phoenix x2  
  86  7:47  Probe x2 (Chrono Boost)  
  92  7:52  Charge  
  92  7:55  Probe (Chrono Boost)  
  92  7:57  Probe x2 (Chrono Boost)  
  95  8:00  Forge  
  95  8:04  Pylon x2  
  95  8:05  Probe (Chrono Boost)  
  96  8:06  Immortal (Chrono Boost)  
  96  8:07  Probe x2 (Chrono Boost)  
  96  8:09  Immortal (Chrono Boost)  
  106  8:16  Probe  
  107  8:24  Adept  
  107  8:25  Stalker x2  
  102  8:41  Observer (Chrono Boost)  
  102  8:44  Observer (Chrono Boost)  
  102  8:45  Zealot  
  75  8:55  Photon Cannon  
  75  8:56  Photon Cannon  
  75  8:58  Photon Cannon  
  75  9:01  Zealot, Gateway  
  77  9:03  Gateway  
  77  9:04  Gateway  
  77  9:06  Gateway  
  77  9:14  Probe  
  77  9:15  Probe  
  54  9:24  Probe  
  54  9:27  Probe  
  55  9:35  Probe  
  56  9:39  Probe, Zealot  
  59  9:45  Probe  
Tags
 
Add a new tag
Caveats
  • Supply blocks, unpowered buildings, or Contaminate may cause inaccurate times.
  • Supply counts are checked every 10 seconds.